 Dungeon Crawl Stone Soup version 0.16-a0-139-gc9fe9b1 (webtiles) character file.

10485 Ratboiler the Basher (level 11, -4/163 HPs)
             Began as a Troll Artificer on Aug 13, 2014.
             Was a High Priest of Trog.
             Slain by a four-headed hydra (9 damage)
             ... on Level 1 of the Lair of Beasts on Aug 14, 2014.
             The game lasted 00:51:08 (10111 turns).

Ratboiler the Basher (Troll Artificer)             Turns: 10111, Time: 00:51:08

HP  -4/163       AC  8     Str 26      XL: 11   Next: 36%
MP  26/26        EV 13     Int  8      God: Trog [*****.]
Gold 942         SH  0     Dex 13      Spells:  0 memorised, 10 levels left

rFire  + . .     SeeInvis .     D - +2 giant club
rCold  . . .     Clarity  .     P - +0 animal skin
rNeg   . . .     rCorr    .     (shield restricted)
rPois  .         rRot     .     g - +2 hat
rElec  .         Spirit   .     O - +0 cloak
SustAb .         Warding  .     (gloves unavailable)
rMut   .         Stasis   .     (boots unavailable)
Gourm  +                        (no amulet)
MR     .....                    k - ring of protection from fire
                                L - ring of magical power

@: berserking, very quick, not resistant to hostile enchantments, extremely
unstealthy
A: unfitting armour, claws 3, fast metabolism 3, gourmand, regeneration 2,
saprovore 2, shaggy fur 1, tough skin 2
a: Burn Spellbooks, Berserk, Trog's Hand, Brothers in Arms, Renounce Religion


You were on level 1 of the Lair of Beasts.
You worshipped Trog.
Trog was extremely pleased with you.
You were not hungry.

You visited 3 branches of the dungeon, and saw 11 of its levels.
You also visited: Sewer and Ossuary.

You collected 968 gold pieces.
You spent 26 gold pieces at shops.

Inventory:

Hand weapons
 b - a +0 blowgun
 D - a +2 giant club (weapon)
 Z - the +6 giant club of Resourcefulness {flame, rN+ Dex-2}
   (Trog gifted it to you on level 9 of the Dungeon)

   It emits flame when wielded, causing extra injury to most foes and up to
   double damage against particularly susceptible opponents.
   It affects your dexterity (-2).
   It protects you from negative energy.
Missiles
 q - 5 curare-tipped needles
 x - 2 needles of paralysis
 V - 4 poisoned needles
Armour
 g - a +2 hat (worn)
 O - a +0 cloak (worn)
 P - a +0 animal skin (worn)
Magical devices
 d - a wand of random effects (11)
 i - a wand of lightning (5) {unknown}
 r - a wand of flame (0)
 y - a wand of confusion (2)
 A - a wand of paralysis (4)
 B - a wand of magic darts (11)
 H - a wand of magic darts (11)
Comestibles
 a - 3 meat rations
 v - 7 bread rations
Scrolls
 j - 3 scrolls of fear
 o - a scroll of immolation {unknown}
 u - 3 scrolls of teleportation
 E - 2 scrolls of blinking
 J - 3 scrolls of magic mapping
 N - 5 scrolls of identify
 S - a scroll of amnesia
Jewellery
 k - a ring of protection from fire (right claw)
 l - an uncursed ring of see invisible
 L - a ring of magical power (left claw)
 Y - an uncursed amulet of stasis
Potions
 c - a potion of restore abilities {unknown}
 e - a potion of mutation {unknown}
 f - 3 potions of agility
 h - a potion of degeneration {unknown}
 m - 7 potions of curing
 n - a potion of cure mutation {unknown}
 p - a potion of cancellation {unknown}
 t - 2 potions of magic {unknown}
 z - 3 potions of heal wounds {unknown}
 C - 3 potions of might {unknown}
 F - 2 potions of brilliance {unknown}
 K - 2 potions of berserk rage {unknown}
 R - a potion of resistance {unknown}
 U - a potion of beneficial mutation {unknown}


   Skills:
 + Level 7.1 Fighting
 * Level 9.8 Maces & Flails
 + Level 7.1 Dodging
 - Level 0.4 Stealth
 - Level 1.0 Unarmed Combat
 + Level 7.5 Evocations


You had 10 spell levels left.
You didn't know any spells.

Dungeon Overview and Level Annotations

Branches:
Dungeon (9/15)             Temple (1/1) D:4             Orc (0/4) D:9
   Lair (1/8) D:9

Altars:
Ashenzari
Cheibriados
Dithmenos
Elyvilon
Fedhas
Gozag
Kikubaaqudgha
Makhleb
Nemelex Xobeh
Okawaru
Qazlal
Sif Muna
Trog
Vehumet
Xom
Yredelemnul
Zin
The Shining One

Shops:
D:5 (?


Innate Abilities, Weirdness & Mutations

You are too large for most types of armour.
You have claws for hands.
Your metabolism is lightning-fast.
You like to eat raw meat.
You heal very quickly.
You can eat rotten meat.
You are covered in fur (AC +1).
You have very tough skin (AC +2).


Message History

The four-headed hydra bites you!
* * * LOW HITPOINT WARNING * * *
The four-headed hydra closely misses you. x3
You completely miss the four-headed hydra.
The four-headed hydra is severely wounded.
The four-headed hydra bites you!
* * * LOW HITPOINT WARNING * * *
The four-headed hydra bites you but does no damage.
The four-headed hydra bites you!
* * * LOW HITPOINT WARNING * * *
The four-headed hydra bites you but does no damage.
You barely miss the four-headed hydra.
The four-headed hydra is severely wounded.
The four-headed hydra closely misses you.
The four-headed hydra bites you!
* * * LOW HITPOINT WARNING * * *
The four-headed hydra bites you!
* * * LOW HITPOINT WARNING * * *
The four-headed hydra bites you!
You die...

... ###### ≈...
##.#........ ≈≈...
.............. ≈≈≈≈.
................ ≈≈≈..
.......P..........
≈≈≈≈..
...................
≈≈≈≈...
......................
≈≈≈≈.P.
.......D................
≈≈≈≈..#
#......@............?...
≈≈≈..#
#.#.###.................
≈....#
######.#..........
.....# ##........#
.....## #........#
......## #........#
......P# #........#
.......# #........#
......## #........#


You could see a four-headed hydra.

Vanquished Creatures
  The ghost of tabulaattori the Protected, an experienced MiFi of Qazlal (D:9)
  A hill giant (D:8)
  Pikel (D:6)
  The ghost of runewalsh the Frost Mage, an experienced OpIE (D:6)
  4 spiny frogs (Lair:1)
  Grinder (D:3)
  Prince Ribbit (D:6)
  5 orc warriors
  11 yaks (D:9)
  A wyvern (D:9)
  A hippogriff (D:7)
  A deep elf fighter (D:9)
  A water moccasin (D:8)
  3 sky beasts
  A phantom (D:6)
  A slave (D:6)
  A necrophage (D:9)
  5 ogres
  A centaur (D:9)
  2 scorpions
  2 crocodiles
  2 giant frogs (D:8)
  10 big kobolds (Sewer)
  A hippogriff zombie (D:7)
  7 killer bees
  3 wights (D:6)
  4 goliath beetles
  2 crimson imps (D:9)
  6 hounds
  8 orc priests
  2 jellies
  A quasit (D:9)
  A giant frog skeleton (D:5)
  7 worker ants
  An iguana (D:7)
  5 orc wizards
  Jessica (D:3)
  An ogre zombie (D:9)
  3 big kobold zombies (Ossuary)
  A killer bee zombie (D:7)
  An ogre skeleton (D:7)
  A hound zombie (D:9)
  2 mummies (Ossuary)
  11 adders
  3 gnolls (D:8)
  7 green rats
  A shadow imp (D:8)
  7 worms
  7 giant mites
  2 giant geckos
  4 oozes
  30 orcs
  6 ball pythons
  3 gnoll zombies (Ossuary)
  7 goblins
  12 hobgoblins
  16 jackals
  4 quokkas
  27 bats
  7 giant cockroaches
  A giant newt (D:2)
  A goblin skeleton (D:5)
  3 goblin zombies (Ossuary)
  2 hobgoblin zombies
  18 kobolds
  2 orc skeletons
  4 orc zombies (Ossuary)
  20 rats
321 creatures vanquished.

Vanquished Creatures (collateral kills)
  A centaur (D:6)
  A scorpion (D:4)
  2 goliath beetles (D:6)
  An iguana (D:4)
  An adder (D:4)
  A giant mite (D:6)
  A bat skeleton (D:4)
  A bat (D:4)
9 creatures vanquished.

Vanquished Creatures (others)
  A slave (D:6)
  An ogre (D:6)
  A scorpion (D:4)
  An ogre zombie (D:6)
  An orc (D:6)
  A bat (D:9)
  2 hobgoblins (D:6)
  A jackal (D:6)
9 creatures vanquished.

Grand Total: 339 creatures vanquished

Notes
Turn   | Place    | Note
--------------------------------------------------------------
     0 | D:1      | Ratboiler, the Troll Artificer, began the quest for the Orb.
     0 | D:1      | Reached XP level 1. HP: 18/18 MP: 1/1
   480 | D:1      | Reached skill level 1 in Fighting
   681 | D:1      | Reached XP level 2. HP: 27/27 MP: 1/1
   869 | D:2      | Found a radiant altar of Vehumet.
   921 | D:2      | Reached XP level 3. HP: 29/33 MP: 3/3
  1225 | D:2      | Reached XP level 4. HP: 41/41 MP: 3/3
  1385 | D:2      | Reached skill level 3 in Evocations
  1711 | D:3      | Noticed Jessica
  1718 | D:3      | Killed Jessica
  1746 | D:3      | Reached XP level 5. HP: 35/49 MP: 4/4
  1798 | D:3      | Noticed Grinder
  1799 | D:3      | Paralysed by Grinder for 3 turns
  1829 | D:3      | Paralysed by Grinder for 6 turns
  1835 | D:3      | Killed Grinder
  1835 | D:3      | Reached XP level 6. HP: 36/61 MP: 6/6
  1948 | D:3      | Found a glowing drain.
  1958 | Sewer    | Entered a sewer
  2145 | Sewer    | Reached skill level 1 in Maces & Flails
  2145 | Sewer    | Reached skill level 4 in Evocations
  2281 | Sewer    | Reached XP level 7. HP: 59/67 MP: 7/7
  2612 | Sewer    | Reached XP level 8. HP: 32/78 MP: 9/9
  3085 | D:4      | Found a staircase to the Ecumenical Temple.
  3093 | Temple   | Entered the Ecumenical Temple
  3160 | Temple   | Became a worshipper of Trog the Wrathful
  3322 | D:4      | Found a sand-covered staircase.
  3350 | Ossuary  | Entered an ossuary
  3701 | Ossuary  | Reached skill level 5 in Evocations
  3856 | D:4      | Found an iron altar of Okawaru.
  4143 | D:4      | Found a shattered altar of Ashenzari.
  4523 | D:4      | Acquired Trog's first power
  4599 | D:5      | Entered Level 5 of the Dungeon
  4633 | D:5      | Found Strufoho's Magic Scroll Shoppe.
  4650 | D:5      | Bought a scroll of identify for 26 gold pieces
  4744 | D:5      | Reached skill level 5 in Maces & Flails
  4842 | D:5      | Found Teqagop's Weapon Shoppe.
  5094 | D:5      | Reached skill level 5 in Dodging
  5151 | D:5      | Found a shadowy altar of Dithmenos.
  5225 | D:5      | Reached XP level 9. HP: 82/85 MP: 12/12
  5437 | D:6      | Noticed runewalsh's ghost (experienced OpIE)
  5481 | D:6      | Acquired Trog's second power
  5498 | D:6      | HP: 4/130 [runewalsh's ghost/puff of frost (8)]
  5499 | D:6      | Killed runewalsh's ghost
  5499 | D:6      | Reached skill level 5 in Fighting
  5645 | D:6      | Noticed Pikel
  5899 | D:6      | Reached skill level 6 in Maces & Flails
  6175 | D:6      | Found a shimmering altar of Xom.
  6176 | D:6      | Found a sparkling altar of Nemelex Xobeh.
  6426 | D:6      | Noticed Prince Ribbit
  6440 | D:6      | Killed Pikel
  6441 | D:6      | Killed Prince Ribbit
  6441 | D:6      | Reached skill level 7 in Maces & Flails
  6910 | D:7      | Reached XP level 10. HP: 68/98 MP: 14/14
  7883 | D:8      | HP: 4/147 [orc warrior/halberd (21)]
  8217 | D:8      | Acquired Trog's third power
  8287 | D:8      | Reached skill level 8 in Maces & Flails
  8800 | D:8      | Noticed a hill giant
  8810 | D:8      | Killed a hill giant
  8922 | D:9      | Upgraded the game from 0.16-a0-129-gbf5829b to 0.16-a0-139-gc9fe9b1
  9025 | D:9      | Reached skill level 9 in Maces & Flails
  9157 | D:9      | Noticed tabulaattori's ghost (experienced MiFi)
  9175 | D:9      | Killed tabulaattori's ghost
  9175 | D:9      | Reached XP level 11. HP: 29/107 MP: 17/17
  9499 | D:9      | Found a staircase to the Orcish Mines.
  9542 | D:9      | Received a gift from Trog
  9554 | D:9      | Got a slimy giant club {god gift}
  9555 | D:9      | Identified the +6 giant club of Resourcefulness {flame, rN+ Dex-2} (Trog gifted it to you on level 9 of the Dungeon)
  9737 | D:9      | Found a staircase to the Lair.
  9744 | Lair:1   | Entered Level 1 of the Lair of Beasts
 10100 | Lair:1   | Noticed a four-headed hydra
 10111 | Lair:1   | HP: 5/163 [four-headed hydra (8)]
 10111 | Lair:1   | Slain by a four-headed hydra

Action                   |  1- 3 |  4- 6 |  7- 9 | 10-12 || total
-------------------------+-------+-------+-------+-------++-------
Melee: Unarmed           |   125 |   102 |       |       ||   227
       Mace              |       |    70 |   808 |       ||   878
       Giant club        |       |       |    51 |   442 ||   493
Invok: Berserk           |       |       |     6 |     8 ||    14
       Trog's Hand       |       |       |       |     1 ||     1
Evoke: Wand              |     2 |    14 |    34 |     9 ||    59
  Use: Scroll            |       |       |    11 |     6 ||    17
       Potion            |       |       |     4 |       ||     4
 Stab: Sleeping          |       |     1 |     1 |     2 ||     4
       Confused          |       |     2 |       |       ||     2
       Paralysed         |       |       |       |     3 ||     3
  Eat: Chunk             |    11 |    12 |    44 |    35 ||   102
       Pizza             |       |       |     1 |     1 ||     2
       Meat ration       |       |       |     1 |       ||     1
